 Dungeon Crawl Stone Soup version 0.28.0-49-g6dfe1f597d (webtiles) character file.

Game seed: 6666929167824002875

37 hawla the Firebug (level 3, -4/14 HPs)
             Began as a Felid Fire Elementalist on May 18, 2022.
             Slain by a gnoll
             ... wielding a +0 club
              (6 damage)
             ... on level 2 of the Dungeon.
             The game lasted 00:03:22 (1864 turns).

hawla the Firebug (Felid Fire Elementalist)         Turns: 1864, Time: 00:03:22

Health: -4/14      AC:  1    Str:  4    XL:     3   Next: 21%
Magic:  3/7        EV: 17    Int: 18    God:
Gold:   60         SH:  0    Dex: 16    Spells: 3/6 levels left
                                        Lives:  0   Deaths: 0

rFire   . . .      SeeInvis +   (weapon unavailable)
rCold   . . .      Faith    .   (shield unavailable)
rNeg    . . .      Spirit   .   (armour unavailable)
rPois   .          Reflect  .   (helmet unavailable)
rElec   .          Harm     .   (cloak unavailable)
rCorr   .          Rampage  .   (gloves unavailable)
Will    .....                   (boots unavailable)
Stlth   ++........              (no amulet)
HPRegen 0.04/turn               (no ring)
MPRegen 0.10/turn               (no ring)

@: quick
A: very small, claws 1, fangs 3, see invisible, speed 1, shaggy fur 1, stealthy
paws, no weapons or thrown items, no armour, multi-lived
a: no special abilities


You were on level 2 of the Dungeon.
You visited 1 branch of the dungeon, and saw 2 of its levels.

You collected 60 gold pieces.

Inventory:

Scrolls
 c - a scroll of identify {unknown}
Potions
 a - 2 potions of attraction {unknown}
 b - a potion of mutation {unknown}


   Skills:
 + Level 0.2 Fighting
 + Level 3.0 Dodging
 + Level 3.0 Stealth
 + Level 0.3 Unarmed Combat
 + Level 2.3 Spellcasting
 + Level 1.0 Conjurations
 + Level 3.3 Fire Magic


You had 3 spell levels left.
You knew the following spells:

 Your Spells              Type           Power      Damage    Failure   Level
a - Foxfire               Conj/Fire      40%        2x1d6     7%          1
b - Scorch                Fire           28%        2d6       7%          2

Your spell library contained the following spells:

 Spells                   Type           Power      Damage    Failure   Level
 Conjure Flame            Conj/Fire      10%        6-21      22%         3
 Inner Flame              Hex/Fire       8%         N/A       26%         3
 Flame Wave               Conj/Fire      10%        2d5       56%         4


Dungeon Overview and Level Annotations

Branches:
Dungeon (2/15)

Altars:


Innate Abilities, Weirdness & Mutations

You have sharp claws.
You have razor-sharp teeth.
You have supernaturally acute eyesight. (SInv)
You cover ground quickly. (Speed+)
You are covered in fur. (AC +1)
Your paws help you pounce on unaware monsters.
You are incapable of wielding weapons or throwing items.
You cannot wear armour.
You gain extra lives every three experience levels.


Message History

You see here a ball python corpse.
You see here 11 arrows.
Found a stone staircase leading up.
A gnoll comes into view. It is wielding a +0 halberd.
A gnoll is nearby!
A gnoll is nearby!
A gnoll is nearby!
A gnoll comes into view. It is wielding a +0 club.
Found a book of Flames.
The gnoll shouts! x2
A gnoll comes into view. It is wielding a +0 whip.
The gnoll shouts!
There is a stone staircase leading up here.
You conjure some foxfire!
You hear an angry hiss.
You conjure some foxfire!
The foxfire hits the gnoll.
The gnoll is heavily wounded.
The foxfire hits the gnoll.
The gnoll is lightly wounded.
A worm comes into view.
You conjure some foxfire!
The foxfire hits the gnoll.
The gnoll is severely wounded.
The foxfire hits the gnoll.
The gnoll is almost dead.
The gnoll closely misses you.
A rat comes into view.
You conjure some foxfire!
The foxfire hits the gnoll.
The gnoll is heavily wounded.
The foxfire hits the gnoll.
The gnoll is heavily wounded.
The gnoll misses you.
The foxfire hits the gnoll.
The gnoll is severely wounded.
The foxfire hits the gnoll.
The gnoll is severely wounded.
The gnoll hits you from afar with a +0 halberd!
Ouch! That really hurt!
* * * LOW HITPOINT WARNING * * *
The gnoll hits you with a +0 club.
You die...

## #. #. #.
##.########### #.
#####g.§§........#
#.
w.r..gg@§...####.###
#.
.#......§..........#
#.
#.###.########..#.#
#. #. #..#.####. #.
#..#.##... #.
#..#.(.... ..
#..####.#. .: #..#
#... #..# #.##


You could see a worm, 3 gnolls and a rat.

Vanquished Creatures
  An adder (D:2)
  A dart slug (D:1)
  4 bats
  5 endoplasms
  2 giant cockroaches
  A hobgoblin (D:1)
  3 ball pythons
  3 frilled lizards
  2 goblins (D:1)
  2 kobolds
  2 rats (D:1)
26 creatures vanquished.

Vanquished Creatures (others)
  47 foxfires
  4 plants (D:2)
51 creatures vanquished.

Grand Total: 77 creatures vanquished

Notes
Turn   | Place    | Note
-------+----------+-------------------------------------------
     0 | D:1      | hawla the Felid Fire Elementalist began the quest for the
                  | Orb.
     0 | D:1      | Reached XP level 1. HP: 7/7 MP: 4/4
   676 | D:1      | Reached XP level 2. HP: 10/11 MP: 0/6
  1600 | D:2      | Learned a level 2 spell: Scorch
  1751 | D:2      | Reached skill level 1 in Conjurations
  1800 | D:2      | Reached XP level 3. HP: 13/14 MP: 4/7
  1864 | D:2      | Slain by a gnoll

Illustrated notes

Levels and vault maps discovered:
D:1:      scummos_arrival_simple_fountains, layout_loops_ring
D:2:      layout_loops_ring, shapermc_ecumenical_altar_hornbeckon,
          minmay_bisected, uniq_robin

Skill      XL: |  1  2  3 |
---------------+----------+-----
Fire Magic     | 3 |  3.3
Stealth        | 3 |  3.0
Conjurations   | 1 |  1.0
Dodging        | 3 |  3.0
Fighting       | |  0.2
Unarmed Combat | |  0.3
Spellcasting   | |  2.3

Action                   || total
-------------------------++-------
Melee: Unarmed           ||    42
       Bite              ||     7
       Punch             ||     1
 Cast: Foxfire           ||    30
 Stab: Sleeping          ||     5
Armor: Skin              ||     7
Dodge: Dodged            ||    55
